 Dungeon Crawl Stone Soup version 0.29-a0-337-g68df138881 (webtiles) character file.

Game seed: 9637910039413091983

851 spaghetti the Covert (level 5, -3/49 HPs)
             Began as a Deep Dwarf Delver on Apr 17, 2022.
             Was a Believer of Ru.
             Slain by an ice beast (13 damage)
             ... on level 7 of the Dungeon.
             The game lasted 00:14:07 (4412 turns).

spaghetti the Covert (Deep Dwarf Delver)            Turns: 4412, Time: 00:14:08

Health: -3/49      AC:  9    Str: 15    XL:     5   Next: 69%
Magic:  5/5        EV: 13    Int: 11    God:    Ru [**....]
Gold:   238        SH:  0    Dex: 16    Spells: 4/4 levels left

rFire   . . .      SeeInvis .   r - +0 hand axe (vamp) {axe}
rCold   . . .      Faith    .   (no shield)
rNeg    . . .      Spirit   .   b - +0 leather armour
rPois   .          Reflect  .   h - +0 helmet
rElec   .          Harm     .   o - +0 cloak
rCorr   .          Rampage  .   (no gloves)
Will    .....                   (no boots)
Stlth   ++++......              (no amulet)
HPRegen 0.00/turn               i - ring of flight
MPRegen 0.09/turn               t - +4 ring of protection

@: flying
A: damage resistance, heal wounds, sense surroundings 1, no hexes magic, no ice
magic, no summoning magic, inexperienced 1, no regeneration
a: Heal Wounds, Renounce Religion


You were on level 7 of the Dungeon.
You worshipped Ru.
Ru was pleased with you.
You visited 2 branches of the dungeon, and saw 8 of its levels.

You collected 238 gold pieces.


Innate Abilities, Weirdness & Mutations

You are resistant to damage.
You can heal yourself by infusing magical energy.
You passively map a small area around you.
You cannot study or cast Hexes magic.
You cannot study or cast Ice magic.
You cannot study or cast Summoning magic.
You are somewhat inexperienced. (-2 XL)
You do not regenerate.


   Skills:
 + Level 3.6 Fighting
 - Level 2.0 Short Blades
 * Level 5.0 Axes
 + Level 3.5 Dodging
 + Level 9.5 Stealth
 - Level 2.0 Conjurations


You had 4 spell levels left.
You didn't know any spells.
Your spell library contained the following spells:

 Spells                   Type           Power      Damage    Failure   Level
 Blink                    Tloc           0%         N/A       54%         2
 Corpse Rot               Necr/Air       0%         N/A       54%         2
 Poisonous Vapours        Pois/Air       0%         N/A       54%         2
 Lesser Beckoning         Tloc           0%         N/A       78%         3
 Manifold Assault         Tloc           0%         N/A       100%        5
 Frozen Ramparts          Ice            Unusable   1d2       N/A         3
 Inner Flame              Hex/Fire       Unusable   N/A       N/A         3
 Cause Fear               Hex            Unusable   N/A       N/A         4
 Ice Form                 Ice/Tmut       Unusable   N/A       N/A         4
 Summon Ice Beast         Ice/Summ       Unusable   N/A       N/A         4
 Discord                  Hex            Unusable   N/A       N/A         8

Inventory:

Hand Weapons
 a - a +0 short sword {short}
 d - a +0 dagger of freezing {short}
   (You took it off a goblin on level 2 of the Dungeon)
 p - a +1 dagger of venom {short}
   (You took it off a kobold on level 3 of the Dungeon)
 r - a +0 vampiric hand axe (weapon) {axe}
   (You took it off an orc on level 3 of the Dungeon)
Missiles
 j - 2 throwing nets {=f!fthrowing}
 l - 88 stones (quivered) {throwing}
Armour
 b - a +0 leather armour (worn)
 h - a +0 helmet (worn)
   (You found it on level 4 of the Dungeon)
 o - a +0 cloak (worn)
   (You found it on level 3 of the Dungeon)
Magical Staves
 w - a staff of conjuration {!a@e2staff}
   (You found it on level 4 of the Dungeon)
Jewellery
 i - a ring of flight (left hand)
   (You found it on level 3 of the Dungeon)
 t - a +4 ring of protection (right hand)
   (You found it on level 2 of the Dungeon)
Wands
 g - a wand of digging (3)
Scrolls
 c - a scroll of fog
 e - a scroll of fear
 m - 3 scrolls of teleportation {@r4}
 n - a scroll of blinking {!r}
 s - a scroll of noise {!r}
 v - 3 scrolls of vulnerability {!r!r}
 x - a scroll of magic mapping {!r}
 y - a scroll of amnesia
 B - a scroll of immolation {unknown}
Potions
 f - 2 potions of haste {@q3}
 k - a potion of lignification {!q}
 q - a potion of heal wounds {@q2}
 u - 4 potions of curing {@q1}
 z - a potion of flight

Dungeon Overview and Level Annotations

Branches:
Dungeon (7/15)             Temple (1/1) D:5

Altars:
Cheibriados
Dithmenos
Elyvilon
Fedhas
Hepliaklqana
Kikubaaqudgha
Makhleb
Nemelex Xobeh
Okawaru
Qazlal
Ru
Sif Muna
Trog
Uskayaw
Vehumet
Wu Jian
Xom
Yredelemnul
Zin
The Shining One

Annotations:
D:5 Dowan

* * * #. , ######. *
,, #...... , , * .....
* * ** * , .... , ,
*#.. **
*###..################
#....@.)............#
#.#.Y##############.#
#..* #..<.#.# ,#.. ***
* #.#..#.# #..,
#.#..#.# ,* ##. ,*
#.#..#.# #.* *
#.####.# #.* #......#
########


You could see an ice beast.


Message History

u - 4 potions of curing {@q1} (gained 1) Key pressed, stopping explore.
Key pressed, stopping explore.
You reach down and open the door.
There is an open door here.
You see here a +0 spear {polearm}.
There is an open door here.
You see here a +0 dagger {short}.
You see here a +0 dagger {short}.
Things that are here:
a +0 flail {mace}; a +0 halberd {polearm} Done exploring.
(D) Dungeon (T) Temple
Where to? (Enter - D:7, ? - help)
There is a stone staircase leading down here.
You fly downwards.
There is a stone staircase leading up here.
Unknown command.
Unknown command.
f - 2 potions of haste {@q3} (gained 1)
You now have 238 gold pieces (gained 11).
An ice beast comes into view.
An ice beast is nearby!
An ice beast is nearby!
You see here a +0 hand axe {axe}.
You hit the ice beast. The ice beast hits you.
The ice beast freezes you! 😮 HP[-10]
You take 10 damage, and now have 25/49 hp.
MASSIVE DAMAGE!! (PAUSE)
You hit the ice beast but do no damage. The ice beast closely misses you.
You hit the ice beast but do no damage. The ice beast completely misses you.
You hit the ice beast but do no damage.
The ice beast hits you but does no damage.
You closely miss the ice beast. The ice beast misses you.
You closely miss the ice beast. The ice beast closely misses you.
You barely miss the ice beast. The ice beast closely misses you.
You hit the ice beast.
The ice beast is stunned by your conviction and fails to attack.
You completely miss the ice beast.
The ice beast hits you but does no damage.
You barely miss the ice beast. The ice beast hits you.
The ice beast freezes you!
* * * LOW HITPOINT WARNING * * *
😨 HP[-12]
You take 12 damage, and now have 13/49 hp.
MASSIVE DAMAGE!! (PAUSE)
You completely miss the ice beast. The ice beast hits you.
* * * LOW HITPOINT WARNING * * *
The ice beast freezes you!
* * * LOW HITPOINT WARNING * * *
😱 HP[-8]
You take 8 damage, and now have 5/49 hp.
Unknown command.
You feel much better.
The ice beast barely misses you. 😮 HP[+23]
You regained 23 hp, and now have 28/49 hp.
You hit the ice beast.
You feel better.
You punch the ice beast, but do no damage.
The ice beast hits you but does no damage. 😮 HP[+1]
You slash the ice beast!
The ice beast hits you but does no damage.
You barely miss the ice beast. The ice beast barely misses you.
You barely miss the ice beast. The ice beast closely misses you.
You barely miss the ice beast. The ice beast misses you.
You hit the ice beast but do no damage. The ice beast hits you.
The ice beast freezes you!
* * * LOW HITPOINT WARNING * * *
😨 HP[-5]
You take 5 damage, and now have 24/49 hp.
You hit the ice beast.
The ice beast hits you but does no damage.
The ice beast closely misses you.
You hit the ice beast.
You feel better.
The ice beast hits you but does no damage. 😮 HP[+1]
You hit the ice beast.
You feel better.
The ice beast closely misses you. 😮 HP[+1]
You hit the ice beast but do no damage. The ice beast hits you.
The ice beast freezes you!
* * * LOW HITPOINT WARNING * * *
You focus your inner power and blind the ice beast in retribution! 😨 HP[-13]
You take 13 damage, and now have 13/49 hp.
MASSIVE DAMAGE!! (PAUSE)
You catch the helpless ice beast completely off-guard!
You hit the ice beast but do no damage.
The ice beast hits you but does no damage.
You hit the ice beast but do no damage.
The ice beast hits you but does no damage.
You closely miss the ice beast. The ice beast hits you.
The ice beast freezes you.
* * * LOW HITPOINT WARNING * * *
😱 HP[-2]
You take 2 damage, and now have 11/49 hp.
You hit the ice beast.
The ice beast is no longer blind.
The ice beast hits you.
* * * LOW HITPOINT WARNING * * *
The ice beast freezes you!
You die...

Skill      XL: |  1  2  3  4  5  6 |
---------------+-------------------+-----
Short Blades   | 2 |  2.0
Stealth        | 7 8 9 |  9.5
Axes           | 4 5 3 |  5.0
Conjurations   | 2 1 |  2.0
Fighting       | 3 |  3.6
Dodging        | 3 |  3.5

Action                   |  1- 3 |  4- 6 || total
-------------------------+-------+-------++-------
Melee: Short sword       |    80 |   109 ||   189
       Punch             |     1 |     5 ||     6
       Hand axe          |       |   261 ||   261
       Dagger            |       |     6 ||     6
Throw: Stone             |       |    51 ||    51
Invok: Sacrifice Arcana  |       |     1 ||     1
       Sacrifice Experie |       |     1 ||     1
  Use: Scroll            |     1 |     7 ||     8
       Potion            |     1 |     7 ||     8
 Stab: Sleeping          |    13 |    21 ||    34
       Invisible         |       |     5 ||     5
       Distracted        |       |     1 ||     1
Armor: Leather armour    |    16 |   169 ||   185
       Skin              |       |    15 ||    15
Dodge: Dodged            |    48 |   234 ||   282

Levels and vault maps discovered:
D:1:      zaba_arrival_water, layout_rooms
D:2:      layout_loops_cross, minmay_misc_feat_rugged, minmay_heptomino_l4,
          uniq_robin
D:3:      layout_loops_cross, dreamdust_ecumenical_altar_hidden_monk_grotto
D:4:      layout_basic, mainiacjoe_overflow_six_doors_small, item_on_display_a
D:5:      layout_basic, minmay_temple_entry_enclosed_plants, uniq_duvessa
D:6:      layout_layer_cave, gammafunk_temple_overflow_claw,
          nicolae_qazlal_scattered_showers, general_overflow_altar,
          kennysheep_generic_room_9
D:7:      layout_basic, nicolae_gozag_seed_capital, hex_large,
          minmay_starry_boxes
Temple:   jpeg_temple_clearing

Notes
Turn   | Place    | Note
-------+----------+-------------------------------------------
     0 | D:5      | spaghetti the Deep Dwarf Delver began the quest for the
                  | Orb.
     0 | D:5      | Reached XP level 1. HP: 20/20 MP: 1/1
     0 | D:5      | magus.rc [v1.9.6]
    16 | D:5      | Reached skill level 2 in Short Blades
    16 | D:5      | Reached XP level 2. HP: 27/27 MP: 2/2
    40 | D:5      | Found a staircase to the Ecumenical Temple.
    48 | Temple   | Entered the Ecumenical Temple
   177 | Temple   | Became a worshipper of Ru the Awakened
   501 | D:3      | Reached XP level 3. HP: 23/33 MP: 3/3
   542 | D:3      | Reached skill level 7 in Stealth
   930 | D:1      | Reached XP level 4. HP: 36/40 MP: 4/4
   935 | D:1      | Gained mutation: You cannot study or cast Ice magic. [Ru
                  | sacrifice]
   935 | D:1      | Gained mutation: You cannot study or cast Hexes magic. [Ru
                  | sacrifice]
   935 | D:1      | Gained mutation: You cannot study or cast Summoning magic.
                  | [Ru sacrifice]
   935 | D:1      | Reached * piety under Ru
  1002 | D:1      | You fall into a shaft and drop 1 floor!
  1243 | D:2      | You pick up a book of Spatial Translocations and begin
                  | reading...
  1243 | D:2      | You add the spells Blink, Lesser Beckoning and Manifold
                  | Assault to your library.
  1401 | D:2      | Noticed Robin
  1448 | D:2      | Killed Robin
  1449 | D:2      | Reached skill level 8 in Stealth
  1620 | D:2      | You pick up a book of Hexes and begin reading...
  2131 | D:3      | Found a faded altar of an unknown god.
  2458 | D:4      | Noticed a scorpion
  2477 | D:4      | Killed a scorpion
  2478 | D:4      | Reached skill level 1 in Axes
  2478 | D:4      | Reached XP level 5. HP: 48/48 MP: 5/5
  2503 | D:4      | You pick up a book of Vapours and begin reading...
  2503 | D:4      | You add the spells Poisonous Vapours and Corpse Rot to your
                  | library.
  2839 | D:4      | Found a sparkling altar of Nemelex Xobeh.
  2991 | D:5      | Reached skill level 2 in Axes
  3035 | D:5      | Noticed a black bear
  3039 | D:5      | Noticed a phantom
  3058 | D:5      | Killed a black bear
  3059 | D:5      | Reached XP level 6. HP: 39/55 MP: 6/6
  3071 | D:5      | Reached skill level 3 in Axes
  3071 | D:5      | Reached skill level 9 in Stealth
  3071 | D:5      | Reached skill level 1 in Conjurations
  3091 | D:5      | Noticed a gargoyle
  3136 | D:5      | Noticed Dowan
  3150 | D:6      | Gained mutation: You are somewhat inexperienced. (-2 XL)
                  | [Ru sacrifice]
  3150 | D:6      | Reached XP level 5. HP: 37/48 MP: 5/5
  3150 | D:6      | Reached XP level 4. HP: 37/40 MP: 4/4
  3150 | D:6      | Reached ** piety under Ru
  3259 | D:6      | Found a snail-covered altar of Cheibriados.
  3316 | D:6      | Reached skill level 3 in Fighting
  3503 | D:6      | You pick up a book of Rime and begin reading...
  3574 | D:6      | Reached skill level 4 in Axes
  3574 | D:6      | Reached XP level 5. HP: 26/49 MP: 5/5
  3601 | D:6      | Found a stormy altar of Qazlal.
  3640 | D:6      | Reached skill level 3 in Dodging
  3643 | D:6      | Reached skill level 2 in Conjurations
  3787 | D:6      | Found a bloodstained altar of Trog.
  3787 | D:6      | Found a white marble altar of Elyvilon.
  3787 | D:6      | Found a glowing silver altar of Zin.
  3934 | D:6      | Reached skill level 5 in Axes
  4395 | D:7      | HP: 11/49 [ice beast (2)]
  4395 | D:7      | HP: 5/49 [ice beast (6)]
  4411 | D:7      | HP: 11/49 [ice beast (2)]
  4412 | D:7      | Slain by an ice beast

Vanquished Creatures
  A centaur (D:6)
  2 phantoms
  A necrophage (D:6)
  2 scorpions
  A hound (D:6)
  A jelly (D:6)
  2 orc priests (D:6)
  Robin (D:2)
  3 gnolls (D:6)
  6 adders
  An ufetubus (D:6)
  4 worms (D:3)
  2 dart slugs
  6 orcs
  8 ball pythons
  4 endoplasms
  3 giant cockroaches
  13 goblins
  9 hobgoblins
  3 jackals (D:5)
  6 kobolds
  A quokka (D:3)
  5 bats
  4 frilled lizards
  4 rats
93 creatures vanquished.

Vanquished Creatures (others)
  2 black bears
2 creatures vanquished.

Grand Total: 95 creatures vanquished

Table legend:
 A = Non-vault XP
 B = Vault XP
 C = Vault XP percentage of total XP
 D = Non-vault monster count
 E = Vault monster count
 F = Vault count percentage of total count
                 A         B        C        D         E       F
            +---------+---------+-------+---------+---------+-------
      Total |    1179 |      37 |   3.0 |      81 |      14 |  14.7
            +---------+---------+-------+---------+---------+-------
        D:1 |      18 |       0 |   0.0 |       9 |       0 |   0.0
        D:2 |      22 |      37 |  62.7 |      15 |      14 |  48.3
        D:3 |      72 |       0 |   0.0 |      20 |       0 |   0.0
        D:4 |     113 |       0 |   0.0 |      12 |       0 |   0.0
        D:5 |     232 |       0 |   0.0 |       7 |       0 |   0.0
        D:6 |     722 |       0 |   0.0 |      18 |       0 |   0.0
            +---------+---------+-------+---------+---------+-------

Illustrated notes

Table legend:
 A = Kills in this place as a percentage of kills in entire the game.
 B = Kills by you in this place as a percentage of kills by you in the entire game.
 C = Kills by friends in this place as a percentage of kills by friends in the entire game.
 D = Other kills in this place as a percentage of other kills in the entire game.
 E = Experience gained in this place as a percentage of experience gained in the entire game.
 F = Experience gained in this place divided by the number of levels of this place that you have seen.
                   A       B       C       D       E      F
               +-------+-------+-------+-------+-------+----------------------
         Total | 100.0 | 100.0 |   N/A | 100.0 | 100.0 | 152.0
       Dungeon | 100.0 | 100.0 |   N/A | 100.0 | 100.0 | 173.7
               +-------+-------+-------+-------+-------+----------------------

Table legend: (Time is in decaauts)
 A = Elapsed time spent in this place.
 B = Non-inter-level travel time spent in this place.
 C = Inter-level travel time spent in this place.
 D = Time resting spent in this place.
 E = Time spent auto-exploring this place.
 F = Levels seen in this place.
 G = Mean time per level.
                   A        B        C        D        E       F      G
               +--------+--------+--------+--------+--------+-----+--------+
         Total |   4449 |   4196 |    253 |    100 |   3037 |   8 |  556.1 |
       Dungeon |   4295 |   4099 |    196 |    100 |   2954 |   7 |  613.6 |
        Temple |    153 |     96 |     57 |      0 |     83 |   1 |  153.0 |
               +--------+--------+--------+--------+--------+-----+--------+

Top non-repeatable levels by time:
     D:6: 1228 daAuts
     D:4: 945 daAuts
     D:2: 857 daAuts
     D:3: 710 daAuts
     D:5: 301 daAuts
     D:1: 194 daAuts
  Temple: 153 daAuts
     D:7: 58 daAuts
